 Dungeon Crawl Stone Soup version 0.29-a0-477-g62b78b4225 (webtiles) character file.

Game seed: 305696544969938109

1868 Infinimo the Basher (level 8, 0/64 HPs)
             Began as a Demonspawn Gladiator on May 24, 2022.
             Was a Believer of Okawaru.
             Succumbed to a killer bee's poison
             ... on level 6 of the Dungeon.
             The game lasted 00:05:52 (6674 turns).

Infinimo the Basher (Demonspawn Gladiator)          Turns: 6674, Time: 00:05:52

Health: 0/64       AC:  5    Str: 16    XL:     8   Next: 90%
Magic:  8/8        EV: 15    Int: 11    God:    Okawaru [**....]
Gold:   263        SH:  4    Dex: 20    Spells: 7/7 levels left

rFire   . . .      SeeInvis .   a - +1 flail
rCold   . . .      Faith    .   (no shield)
rNeg    . . .      Spirit   .   b - +0 leather armour
rPois   .          Reflect  .   (helmet restricted)
rElec   .          Harm     .   (no cloak)
rCorr   .          Rampage  .   (no gloves)
Will    .....                   p - +1 pair of boots {Fly}
Stlth   +.........              (no amulet)
HPRegen 0.20/turn               n - +6 ring of dexterity
MPRegen 0.22/turn               (no ring)

@: lethally poisoned (0 -> -12), flying
A: antennae 2, magic regeneration, condensation shield, weakness stinger 1,
demonic touch 1
a: Renounce Religion, Heroism


You were on level 6 of the Dungeon.
You worshipped Okawaru.
Okawaru was pleased with you.
You visited 2 branches of the dungeon, and saw 8 of its levels.

You collected 263 gold pieces.

Inventory:

Hand Weapons
 a - a +1 flail (weapon)
Missiles
 d - 3 throwing nets (quivered)
 e - 12 javelins
Armour
 b - a +0 leather armour (worn)
 c - a +0 helmet
 p - a +1 pair of boots of flying (worn)
Jewellery
 n - a +6 ring of dexterity (left hand)
 q - a ring of fire
 r - an amulet of guardian spirit
 y - a ring of fire
 z - the ring of Tith {Fly rC- rN+ Will+}
   (You found it on level 5 of the Dungeon)

   [ring of willpower]

   rC:        It makes you vulnerable to cold.
   rN:        It protects you from negative energy.
   Fly:       It grants you flight.
   Will:      It increases your willpower.
 A - a ring of ice
 E - a ring of protection from cold
Wands
 u - a wand of iceblast (7)
Scrolls
 h - a scroll of enchant weapon
 l - 2 scrolls of noise
 o - a scroll of enchant armour {unknown}
 t - 2 scrolls of silence {unknown}
 x - a scroll of amnesia {unknown}
 B - a scroll of teleportation {unknown}
 D - a scroll of identify
Potions
 f - 2 potions of curing {unknown}
 g - 2 potions of resistance
 i - 4 potions of mutation
 j - a potion of flight {unknown}
 k - a potion of heal wounds
 m - a potion of lignification {unknown}
 s - 4 potions of degeneration {unknown}
 v - a potion of magic {unknown}
 w - 2 potions of ambrosia {unknown}
 C - a potion of cancellation {unknown}
 F - a potion of berserk rage {unknown}


   Skills:
 + Level 6.0 Fighting
 * Level 8.0 Maces & Flails
 - Level 1.7 Throwing
 + Level 5.9 Dodging


You had 7 spell levels left.
You didn't know any spells.
Your spell library contained the following spells:

 Spells                   Type           Power      Damage    Failure   Level
 Slow                     Hex            0%         N/A       41%         1
 Sting                    Tmut/Pois      0%         1d3       41%         1
 Poisonous Vapours        Pois/Air       0%         N/A       54%         2
 Confusing Touch          Hex            0%         N/A       78%         3
 Vampiric Draining        Necr           0%         2d6       78%         3
 Corpse Rot               Necr/Pois/Air  0%         N/A       99%         4
 Dispel Undead            Necr           0%         3d6       99%         4
 Olgreb's Toxic Radiance  Pois           0%         N/A       99%         4
 Death Channel            Necr           Unusable   N/A       N/A         6

Dungeon Overview and Level Annotations

Branches:
Dungeon (7/15)             Temple (1/1) D:4

Altars:
Ashenzari
Cheibriados
Dithmenos
Elyvilon
Fedhas
Gozag
Hepliaklqana
Kikubaaqudgha
Makhleb
Nemelex Xobeh
Okawaru
Qazlal
Ru
Sif Muna
Trog
Uskayaw
Vehumet
Wu Jian
Xom
Yredelemnul
Zin
The Shining One

Shops:
D:3 (*([

Annotations:
D:3 2 transporters


Innate Abilities, Weirdness & Mutations

You have a pair of antennae on your head.
You regenerate magic rapidly.
A meltable shield of frost defends you. (SH +4)
You have a small tail.
Your touch may inflict minor irresistible damage on your foes.


Message History

There is a stone staircase leading up, spattered with blood here.
The killer bee stings you.
You are poisoned.
The killer bee poisons you!
You fly upwards.
You feel sick.
There is a stone staircase leading down, spattered with blood here.
You feel sick. The killer bee stings you.
You are more poisoned.
The killer bee poisons you!
The killer bee attacks as you move away! x2
The killer bee stings you.
You feel sick.
You tail-slap the killer bee.
The killer bee is lightly wounded.
You feel sick. The killer bee stings you.
You are more poisoned.
The killer bee poisons you!
You feel sick. You block the killer bee's attack. The killer bee stings you.
You are more poisoned.
The killer bee poisons you!
You sock the killer bee!
The killer bee is heavily wounded.
You feel very sick. You block the killer bee's attack.
The killer bee stings you!
The killer bee is heavily wounded.
You feel very sick. You block the killer bee's attack.
The killer bee stings you.
* * * LOW HITPOINT WARNING * * *
You are lethally poisoned!
The killer bee poisons you!
You tail-slap the killer bee.
You kill the killer bee!
Okawaru accepts your kill.
* * * LOW HITPOINT WARNING * * *
You feel very sick. The killer bee stings you!
* * * LOW HITPOINT WARNING * * *
* * * LOW HITPOINT WARNING * * *
You feel very sick.
You see here a killer bee corpse.
You die...

#........#
####........######
#.................
#######.##........###...
#.......................
#.#####.#########.......
#.#<....# #...........
#.###.).#####.###....###
#.###.#@†...............
#.....#'#y....#####'####
######....##..##.....###
#....##..##........
#....)...##......##
#...###.######.#.##
#.......# #....#.##
#...##### #....#.##
##### ####....#.##


You could see a killer bee.

Vanquished Creatures
  A shadow (D:6)
  A black bear (D:5)
  An ice beast (D:6)
  A sky beast (D:6)
  2 centaurs (D:5)
  An ogre (D:6)
  3 phantoms (D:5)
  A kobold brigand (D:5)
  4 scorpions
  4 killer bees (D:6)
  A hound (D:5)
  2 jellies
  An orc priest (D:5)
  Jessica (D:1)
  2 iguanas (D:6)
  2 orc wizards
  Robin (D:2)
  6 adders
  6 gnolls
  2 white imps
  2 ufetubi
  3 worms
  A dart slug (D:1)
  9 orcs
  7 bats
  5 endoplasms
  2 giant cockroaches
  14 goblins
  2 hobgoblins (D:2)
  4 jackals (D:5)
  5 quokkas
  6 ball pythons
  2 frilled lizards
  8 kobolds
  8 rats
121 creatures vanquished.

Vanquished Creatures (others)
  A plant (D:7)
1 creature vanquished.

Grand Total: 122 creatures vanquished

Notes
Turn   | Place    | Note
-------+----------+-------------------------------------------
     0 | D:1      | Infinimo the Demonspawn Gladiator began the quest for the
                  | Orb.
     0 | D:1      | Reached XP level 1. HP: 16/16 MP: 1/1
   218 | D:1      | Reached skill level 3 in Maces & Flails
   218 | D:1      | Gained mutation: You regenerate magic rapidly. [demonic
                  | ancestry]
   218 | D:1      | Reached XP level 2. HP: 22/22 MP: 2/2
   898 | D:2      | Noticed Jessica
   907 | D:1      | Killed Jessica
   908 | D:1      | Discovered your monstrous ancestry.
   908 | D:1      | Gained mutation: You have a small tail. [demonic ancestry]
   908 | D:1      | Reached XP level 3. HP: 24/28 MP: 3/3
  1108 | D:2      | Noticed Robin
  1117 | D:2      | Killed Robin
  1118 | D:2      | Gained mutation: Your touch may inflict minor irresistible
                  | damage on your foes. [demonic ancestry]
  1118 | D:2      | Reached XP level 4. HP: 30/34 MP: 4/4
  2193 | D:3      | Found a transporter.
  2196 | D:3      | Found a transporter.
  2196 | D:3      | Noticed a sky beast
  2197 | D:3      | Noticed a necrophage
  2204 | D:3      | Found a stormy altar of Qazlal.
  2204 | D:3      | Found a radiant altar of Vehumet.
  2204 | D:3      | Found a hazy altar of Hepliaklqana.
  2239 | D:3      | Found Tifamm's Armour Shop.
  2240 | D:3      | Found Ceabaar's Weapon Boutique.
  2272 | D:3      | Found Ymism's General Store.
  2310 | D:3      | Found Abrecwol's Weapon Emporium.
  2315 | D:3      | Reached skill level 4 in Maces & Flails
  2348 | D:3      | Found a faded altar of an unknown god.
  2356 | D:3      | Found a faded altar of an unknown god.
  2358 | D:3      | Found a burning altar of Makhleb.
  2360 | D:3      | Found a sparkling altar of Nemelex Xobeh.
  2419 | D:3      | Found a faded altar of an unknown god.
  2898 | D:4      | Found a staircase to the Ecumenical Temple.
  2913 | D:4      | Reached XP level 5. HP: 41/41 MP: 5/5
  3303 | D:4      | Found an ancient bone altar of Kikubaaqudgha.
  3505 | Temple   | Entered the Ecumenical Temple
  3690 | Temple   | Became a worshipper of Warmaster Okawaru
  3732 | D:5      | Entered Level 5 of the Dungeon
  3858 | D:5      | Gained mutation: A meltable shield of frost defends you.
                  | (SH +4) [demonic ancestry]
  3858 | D:5      | Reached XP level 6. HP: 33/47 MP: 6/6
  3988 | D:5      | Reached skill level 5 in Maces & Flails
  4072 | D:5      | Reached * piety under Okawaru
  4073 | D:5      | Gained mutation: You have a pair of small antennae on your
                  | head. [demonic ancestry]
  4073 | D:5      | Reached XP level 7. HP: 20/54 MP: 7/7
  4454 | D:5      | Identified the ring of Tith {Fly rC- rN+ Will+}
  4491 | D:5      | Identified the +4 spear "Arbiter" {spect, Dex+4 SInv}
  4766 | D:5      | Reached skill level 6 in Maces & Flails
  5288 | D:6      | Reached ** piety under Okawaru
  5289 | D:6      | Reached skill level 5 in Fighting
  5289 | D:6      | Reached skill level 5 in Dodging
  5289 | D:6      | Gained mutation: You have a pair of antennae on your head.
                  | [demonic ancestry]
  5289 | D:6      | Reached XP level 8. HP: 55/62 MP: 8/8
  5585 | D:6      | Reached skill level 7 in Maces & Flails
  6467 | D:6      | Reached skill level 8 in Maces & Flails
  6673 | D:6      | HP: 3/64 [poisoned by a killer bee]
  6674 | D:6      | Succumbed to a killer bee's poison

Illustrated notes

Levels and vault maps discovered:
D:1:      psy_arrival_basics, layout_loops_ring, kennysheep_flooded_box
D:2:      layout_loops_ring, uniq_jessica, uniq_robin
D:3:      layout_rooms, gammafunk_temple_overflow_arena,
          chequers_temple_overflow_minitemple, serial_shops, shop,
          nicolae_shop_statue_plus, nicolae_shop_advertising_works
          [nicolae_subvault_shop_adworks], shop,
          dreamdust_ecumenical_altar_angels_and_demons
D:4:      layout_cave_pools, marbit_many_paths, temple_fountains
D:5:      layout_basic, grunt_tough_drop
D:6:      layout_basic
D:7:      layout_rooms, serial_bayou_pond_c, uniq_duvessa
Temple:   bh_familiar_temple

Skill      XL: |  1  2  3  4  5  6  7  8 |
---------------+-------------------------+-----
Maces & Flails | 3 4 5 6 8 |  8.0
Dodging        | 3 4 5 |  5.9
Fighting       | 3 4 5 6 |  6.0
Throwing       | |  1.7

Action                   |  1- 3 |  4- 6 |  7- 9 || total
-------------------------+-------+-------+-------++-------
Melee: Flail             |    84 |   124 |   131 ||   339
       Tailslap          |     7 |    22 |    18 ||    47
       Touch             |       |    22 |    28 ||    50
       Punch             |       |       |     1 ||     1
  Use: Scroll            |       |     6 |       ||     6
 Stab: Sleeping          |     2 |     4 |     1 ||     7
       Distracted        |       |       |     1 ||     1
Armor: Leather armour    |    21 |    39 |    33 ||    93
Dodge: Dodged            |    63 |    76 |   113 ||   252
Block: Other             |       |     7 |    39 ||    46

Table legend: (Time is in decaauts)
 A = Elapsed time spent in this place.
 B = Non-inter-level travel time spent in this place.
 C = Inter-level travel time spent in this place.
 D = Time resting spent in this place.
 E = Time spent auto-exploring this place.
 F = Levels seen in this place.
 G = Mean time per level.
                   A        B        C        D        E       F      G
               +--------+--------+--------+--------+--------+-----+--------+
         Total |   6730 |   6499 |    231 |     11 |   5654 |   8 |  841.2 |
       Dungeon |   6509 |   6338 |    171 |     11 |   5500 |   7 |  929.9 |
        Temple |    220 |    161 |     59 |      0 |    154 |   1 |  220.0 |
               +--------+--------+--------+--------+--------+-----+--------+

Top non-repeatable levels by time:
     D:5: 1533 daAuts
     D:6: 1403 daAuts
     D:2: 1147 daAuts
     D:1: 1072 daAuts
     D:3: 781 daAuts
     D:4: 548 daAuts
  Temple: 220 daAuts
     D:7: 23 daAuts
